[Event "Titled Tuesday Blitz August 09 Late 2022"]
[White "Toncheva, Nadya"]
[Black "Clarke, Brandon G I"]
[WhiteFideId "2924056"]
[BlackFideId "400319"]
[WhiteElo "1888"]
[BlackElo "2414"]
[Result "0-1"]
[Round "11"]
[TimeControl "180+1"]
[Date "2022.08.09"]
[WhiteClock "0:00:02"]
[BlackClock "0:00:26"]

1. d4 Nf6 2. c4 g6 3. Nc3 Bg7 4. e4 d6 5. Be2 O-O 6. Bg5 c5 7. d5 h6 8. Be3 e6 9. Qd2 exd5 10. exd5 Kh7 11. h4 Ng4 12. Bf4 Re8 13. Kf1 Ne5 14. Nf3 Nbd7 15. Re1 Nxf3 16. Bxf3 Ne5 17. Be2 a6 18. g3 b5 19. cxb5 axb5 20. Bxe5 Bxe5 21. Bxb5 Bd7 22. Bd3 Kg7 23. Kg2 f5 24. Qc2 Qf6 25. Re2 f4 26. Be4 Bd4 27. Bf3 fxg3 28. fxg3 Rf8 29. Rf1 Bf5 30. Qd2 Ra7 31. Ne4 Qd8 32. b3 Raf7 33. Nc3 Qd7 34. Kh2 Bh3 35. Ref2 Bxf1 36. Rxf1 Rxf3 37. Rxf3 Rxf3 0-1


[Site "https://www.chess.com"]

[Event "Titled Tuesday Blitz August 09 Late 2022"]
[White "Voege, Tobias"]
[Black "Tanenbaum, Zachary"]
[WhiteFideId "1270513"]
[BlackFideId "2060850"]
[WhiteElo "2360"]
[BlackElo "2175"]
[Result "1-0"]
[Round "11"]
[TimeControl "180+1"]
[Date "2022.08.09"]
[WhiteClock "0:00:09"]
[BlackClock "0:00:12"]

1. e4 e5 2. Nf3 Nc6 3. d4 exd4 4. Nxd4 Bc5 5. Be3 Qf6 6. Nb5 Bxe3 7. fxe3 Qh4+ 8. g3 Qxe4 9. Nxc7+ Kd8 10. Nxa8 Qxh1 11. Qd6 Nf6 12. Nd2 Qd5 13. Qc7+ Ke7 14. O-O-O Qe5 15. Nc4 Qxc7 16. Nxc7 Kd8 17. Nb5 d5 18. Bg2 Bg4 19. Rd2 Ke7 20. Bxd5 Nxd5 21. Rxd5 Be6 22. Rc5 Nb4 23. Rc7+ Kf6 24. Nbd6 Rb8 25. Nd2 Nxa2+ 26. Kb1 Rd8 27. N6e4+ Kg6 28. b3 Nb4 29. Rxb7 Nd5 30. Nf3 Bf5 31. Nh4+ Kh5 32. Nxf5 Kg4 33. Nxg7 Kf3 34. Ng5+ Kxe3 35. Nxf7 Rf8 36. Ne6 Rc8 37. Nd6 Rc6 38. Nc4+ Ke2 39. Nd4+ Kd1 40. Nxc6 Nc3+ 41. Kb2 Ne4 42. Rd7+ Ke2 43. Re7 Kf3 44. Nd4+ Kg4 45. Rxe4+ Kh3 46. Rh4+ Kg2 47. Rxh7 Kh1 48. g4 Kg1 49. g5 Kh1 50. g6 a5 51. g7 a4 52. bxa4 Kg2 53. g8=Q+ Kh1 54. Qd5+ Kg1 55. Ne2+ Kf2 56. Rf7+ Ke1 57. Qd2# 1-0


[Site "https://www.chess.com"]

[Event "Titled Tuesday Blitz August 09 Late 2022"]
[White "Vovk, Orest"]
[Black "Martinez, Shawn"]
[WhiteFideId "14113490"]
[BlackFideId "2039770"]
[WhiteElo "2203"]
[BlackElo "2174"]
[Result "1-0"]
[Round "11"]
[TimeControl "180+1"]
[Date "2022.08.09"]
[WhiteClock "0:00:31"]
[BlackClock "0:00:11"]

1. h4 e5 2. h5 Nc6 3. Nc3 d5 4. h6 Nxh6 5. e4 dxe4 6. Nxe4 f5 7. Rxh6 fxe4 8. Qh5+ Kd7 9. Rxh7 Rxh7 10. Qxh7 Qf6 11. Qxe4 Kd8 12. Qd5+ Bd7 13. Bb5 a6 14. Bxc6 bxc6 15. Qf3 Bc5 16. Qxf6+ gxf6 17. d3 Ke7 18. Be3 Bb4+ 19. c3 Bd6 20. Nf3 Bg4 21. O-O-O Rg8 22. Rh1 Bf5 23. Ne1 a5 24. Rh4 Be6 25. Ra4 Rh8 26. Rxa5 Rh1 27. Kd2 Kd7 28. Ra8 f5 29. f3 Be7 30. a4 Bh4 31. Nc2 Rh2 32. c4 Rxg2+ 33. Kc3 Bf6 34. Kb3 e4 35. fxe4 fxe4 36. dxe4 Be5 37. a5 c5 38. a6 Kc6 39. Rb8 Bxc4+ 40. Kxc4 Rxc2+ 41. Kd3 Rxb2 42. a7 c4+ 43. Kxc4 Rc2+ 44. Kd3 Rc3+ 45. Ke2 Rc2+ 46. Kf3 Ra2 47. a8=Q+ Rxa8 48. Rxa8 Kb5 49. Rd8 Kc4 50. Rd5 Bb2 51. Rc5+ Kd3 52. Rxc7 1-0


[Site "https://www.chess.com"]

[Event "Titled Tuesday Blitz August 09 Late 2022"]
[White "Yurovskykh, Oleksandr"]
[Black "Reprintsev, Alexander"]
[WhiteFideId "14134020"]
[BlackFideId "14100541"]
[WhiteElo "2292"]
[BlackElo "2108"]
[Result "1/2-1/2"]
[Round "11"]
[TimeControl "180+1"]
[Date "2022.08.09"]
[WhiteClock "0:01:06"]
[BlackClock "0:00:47"]

1. d4 d5 2. Bf4 Nf6 3. e3 c5 4. c3 Qb6 5. Qb3 c4 6. Qc2 g6 7. Nd2 Bf5 8. Qc1 Nc6 9. Ngf3 Nd7 10. Be2 Bg7 11. O-O e5 12. dxe5 Ndxe5 13. Nxe5 Nxe5 14. Bxe5 Bxe5 15. Nf3 Bf6 16. Nd4 Be4 17. f3 Bxd4 18. exd4 Bf5 19. Re1 O-O 20. Qd2 Rfe8 21. Bf1 f6 22. Kf2 Kf7 23. g3 g5 24. Rxe8 Rxe8 25. Re1 Rxe1 26. Kxe1 Bb1 27. a3 h6 28. Bh3 Bd3 29. Kf2 f5 30. Bg2 Kf6 31. h4 Qd6 32. hxg5+ hxg5 33. Qe1 f4 34. gxf4 Qxf4 35. Qe3 Bf5 36. Qxf4 gxf4 37. Bf1 Kg5 38. Be2 Kh4 39. Bd1 Bd7 40. Bc2 Kg5 41. Bh7 Be6 1/2-1/2